 Dungeon Crawl Stone Soup version 0.25-a0-424-g80bd347ae0 (webtiles) character file.

Game seed: 15730856463070171228, levelgen mode: deterministic

856 Alfie the Shooter (level 8, -5/60 HPs)
             Began as a Human Hunter on Jan 21, 2020.
             Shot with an arrow by a centaur (11 damage)
             ... on level 5 of the Dungeon.
             The game lasted 00:17:37 (3660 turns).

Alfie the Shooter (Human Hunter)                    Turns: 3660, Time: 00:17:38

Health: -5/60      AC:  5    Str: 14    XL:     8   Next: 22%
Magic:  8/8        EV: 13    Int: 13    God:
Gold:   293        SH:  0    Dex: 18    Spells: 7/7 levels left

rFire    . . .     SeeInvis .   a - +1 shortbow
rCold    . . .     Gourm    .   (shield currently unavailable)
rNeg     . . .     Faith    .   c - +2 leather armour
rPois    .         Spirit   .   (no helmet)
rElec    .         Reflect  .   (no cloak)
rCorr    .         Harm     .   (no gloves)
MR       +....                  (no boots)
Stlth    ++........             (no amulet)
HPRegen  0.20/turn              m - +5 ring of dexterity
MPRegen  0.11/turn              p - ring of protection from magic

@: no status effects
A: no striking features
a: no special abilities


You were on level 5 of the Dungeon.
You were not hungry.

You visited 1 branch of the dungeon, and saw 5 of its levels.

You collected 293 gold pieces.

Inventory:

Hand Weapons
 a - a +1 shortbow (weapon)
 b - a +1 short sword
 q - a +0 short sword of venom
Missiles
 d - 52 arrows (quivered)
 g - 40 poisoned darts
Armour
 c - a +2 leather armour (worn)
Jewellery
 m - a +5 ring of dexterity (left hand)
 p - a ring of protection from magic (right hand)
 r - an uncursed ring of poison resistance {unknown}
 u - an uncursed ring of magical power {unknown}
Wands
 n - a wand of polymorph (8)
 t - a wand of paralysis (5)
Scrolls
 e - 4 scrolls of remove curse
 j - a scroll of enchant armour
 o - 2 scrolls of identify
 v - a scroll of teleportation {unknown}
Potions
 h - 2 potions of might
 i - a potion of resistance {unknown}
 l - a potion of flight {unknown}
 s - 2 potions of haste {unknown}
Comestibles
 f - 4 rations


   Skills:
 + Level 4.0 Fighting
 + Level 2.9 Short Blades
 + Level 6.5 Bows
 + Level 2.7 Throwing
 + Level 2.6 Armour
 + Level 3.3 Dodging
 + Level 1.2 Stealth


You had 7 spell levels left.
You didn't know any spells.
Your spell library contained the following spells:

 Spells                   Type           Power        Failure   Level  Hunger
 Animate Skeleton         Necr           N/A          36%         1    ##.....
 Apportation              Tloc           #.....       36%         1    ##.....
 Corona                   Hex            #......      36%         1    ##.....
 Summon Small Mammal      Summ           #...         36%         1    ##.....


Dungeon Overview and Level Annotations

Branches:
Dungeon (5/15)
 Temple: D:4-7

Altars:
Cheibriados
Hepliaklqana


Message History

Throwing (i - inventory)
g - 41 poisoned darts (quivered)
Press: ? - help, Shift-Dir - straight line, f - centaur
Aim: a centaur, quivering 15 arrows (resting)
You throw a poisoned dart. The poisoned dart hits the centaur.
The centaur is poisoned.
The centaur shouts!
A giant cockroach comes into view.
The centaur wields a +0 shortbow.
The centaur shoots an arrow.
The arrow hits you.
* * * LOW HITPOINT WARNING * * *
a - a +1 shortbow (weapon)
Firing (i - inventory. (/) - cycle)
d - 53 arrows (quivered)
Press: ? - help, Shift-Dir - straight line, f/p - centaur
Aim: a centaur, wielding a +0 shortbow and quivering 14 arrows (lightly wounded, poisoned)
You shoot an arrow. The arrow hits the centaur.
The centaur is moderately wounded.
The centaur shoots an arrow.
The arrow hits you!
* * * LOW HITPOINT WARNING * * *
The centaur shoots an arrow.
The arrow hits you!
You die...

...............######..
................'....)..
........[.......######..
................# #..
................# #..
................# #.#
c...............######.#
....................##.#
###...@............##.#
..s.......####......##)#
..........# #......##.#
..........# #......##.#
####+###### #......##.#
#......##.# #......##..
#......####


You could see a centaur and a giant cockroach.

Vanquished Creatures
  A phantom (D:5)
  2 ogres
  A centaur (D:5)
  2 scorpions (D:4)
  2 howler monkeys
  2 hounds
  A centaur skeleton (D:4)
  3 worker ants
  9 adders
  An ooze (D:2)
  An adder skeleton (D:4)
  A dart slug (D:2)
  5 leopard geckos
  5 orcs (D:3)
  3 giant cockroaches
  11 goblins
  10 hobgoblins
  3 jackals (D:5)
  3 quokkas
  2 ball pythons
  9 bats
  7 frilled lizards
  A jackal zombie (D:5)
  8 kobolds
  A quokka skeleton (D:4)
  A quokka zombie (D:5)
  13 rats
108 creatures vanquished.

Vanquished Creatures (others)
  7 toadstools (D:1)
7 creatures vanquished.

Grand Total: 115 creatures vanquished

Notes
Turn   | Place    | Note
-------+----------+-------------------------------------------
     0 | D:1      | Alfie the Human Hunter began the quest for the Orb.
     0 | D:1      | Reached XP level 1. HP: 16/16 MP: 1/1
    84 | D:1      | Reached XP level 2. HP: 22/22 MP: 2/2
   479 | D:1      | Reached XP level 3. HP: 27/27 MP: 3/3
  1081 | D:2      | Reached skill level 5 in Bows
  1118 | D:2      | Reached XP level 4. HP: 34/34 MP: 4/4
  1451 | D:2      | Reached XP level 5. HP: 31/39 MP: 5/5
  1514 | D:2      | Reached skill level 1 in Armour
  2312 | D:3      | Reached XP level 6. HP: 19/47 MP: 6/6
  2358 | D:3      | Found a hazy altar of Hepliaklqana.
  2530 | D:4      | Reached skill level 1 in Short Blades
  2530 | D:4      | Reached skill level 1 in Throwing
  2885 | D:4      | Noticed an ogre
  2899 | D:4      | Killed an ogre
  2899 | D:4      | Reached XP level 7. HP: 52/52 MP: 7/7
  3262 | D:4      | Reached skill level 6 in Bows
  3280 | D:4      | Found a snail-covered altar of Cheibriados.
  3324 | D:5      | Entered Level 5 of the Dungeon
  3544 | D:5      | Reached XP level 8. HP: 15/60 MP: 8/8
  3564 | D:5      | HP: 2/60 [phantom (7)]
  3660 | D:5      | Shot with an arrow by a centaur

Levels and vault maps discovered:
D:1:      nagdon_arrival_zigzag_paths, layout_loops_corners,
          chequers_decorated_corner, minmay_pentomino_w4
D:2:      minmay_skewed_foursquare, layout_loops_ring
D:3:      layout_basic, overflow_temple_1_default
D:4:      layout_basic, cheibriados_altar_1, first_ration
D:5:      layout_basic, grunt_temple_overflow_open, portal_sewer_entry_e,
          st_stairs_5, uniq_blork_the_orc

Skill      XL: |  1  2  3  4  5  6  7  8 |
---------------+-------------------------+-----
Bows           | 5 6 |  6.5
Armour         | 1 2 |  2.6
Fighting       | 3 4 |  4.0
Short Blades   | 2 |  2.9
Throwing       | 1 2 |  2.7
Dodging        | 3 |  3.3
Stealth        | |  1.2

Action                   |  1- 3 |  4- 6 |  7- 9 || total
-------------------------+-------+-------+-------++-------
Melee: Short sword       |       |    81 |    56 ||   137
 Fire: Shortbow          |    80 |    80 |    43 ||   203
Throw: Dart              |       |    27 |    16 ||    43
  Use: Scroll            |     7 |     4 |       ||    11
       Potion            |       |       |     2 ||     2
  Eat: Ration            |       |     2 |     1 ||     3
Armor: Leather armour    |     2 |    40 |    20 ||    62
Dodge: Dodged            |    16 |    89 |    46 ||   151

Table legend:
 A = Non-vault XP
 B = Vault XP
 C = Vault XP percentage of total XP
 D = Non-vault monster count
 E = Vault monster count
 F = Vault count percentage of total count
                 A         B        C        D         E       F
            +---------+---------+-------+---------+---------+-------
      Total |    1206 |      17 |   1.4 |      97 |      11 |  10.2
            +---------+---------+-------+---------+---------+-------
        D:1 |      38 |       9 |  19.1 |      23 |       6 |  20.7
        D:2 |     107 |       8 |   7.0 |      29 |       5 |  14.7
        D:3 |     127 |       0 |   0.0 |      20 |       0 |   0.0
        D:4 |     438 |       0 |   0.0 |      14 |       0 |   0.0
        D:5 |     496 |       0 |   0.0 |      11 |       0 |   0.0
            +---------+---------+-------+---------+---------+-------
